 Dungeon Crawl Stone Soup version 0.22-a0-480-g991dd4b (webtiles) character file.

179613 HyperPerson7 the Eclecticist (level 17, 0/80 HPs)
             Began as a Deep Elf Fire Elementalist on June 14, 2018.
             Was a High Priest of Vehumet.
             Slain by a mana viper (18 damage)
             ... on level 2 of the Snake Pit on June 15, 2018.
             The game lasted 02:46:52 (43523 turns).

HyperPerson7 the Eclecticist (DEFE)                Turns: 43523, Time: 02:46:53

Health: 0/80       AC: 12    Str:  5    XL:     17   Next: 30%
Magic:  27/43      EV: 12    Int: 28    God:    Vehumet [*****.]
Gold:   1312       SH:  7    Dex: 17    Spells: 2/57 levels left

rFire    . . .     SeeInvis .   a - staff of conjuration {!a}
rCold    + . .     Gourm    +   T - +3 warlock's mirror {reflect}
rNeg     + . .     Faith    .   g - +2 robe {MR+}
rPois    +         Spirit   .   u - +1 hat
rElec    .         Reflect  +   (no cloak)
rCorr    .         Harm     .   O - +1 pair of gloves
MR       ++...                  o - +2 pair of boots {run}
Stlth    ++++++....             w - amulet of the gourmand
HPRegen  0.23/turn              Z - ring "Sihowuy" {+Inv rPois rC+ rN+ Dex+2}
MPRegen  0.28/turn              A - +2 ring of protection

@: quick
A: no striking features
}: 1/15 runes: decaying
a: Renounce Religion, Evoke Invisibility


You were on level 2 of the Snake Pit.
You worshipped Vehumet.
Vehumet was extremely pleased with you.
You were not hungry.

You visited 6 branches of the dungeon, and saw 31 of its levels.
You visited 1 bazaar.
You also visited: Ossuary, Ice Cave and Volcano.

You collected 3241 gold pieces.
You spent 1929 gold pieces at shops.

Inventory:

Hand Weapons
 S - a +2 dagger of venom
Armour
 g - a +2 robe of magic resistance (worn)
 o - a +2 pair of boots of running (worn)
 u - a +1 hat (worn)
 E - a +2 robe of the Archmagi
 O - a +1 pair of gloves (worn)
 T - the +3 warlock's mirror (worn) {reflect}
   (You bought it in a shop on level 2 of the Orcish Mines)
Magical Staves
 a - an uncursed staff of conjuration (weapon) {!a}
 b - an uncursed staff of air {rElec}
 H - an uncursed staff of wizardry {Wiz, !a}
Jewellery
 w - an amulet of the gourmand (around neck)
 A - a +2 ring of protection (right hand)
 C - an uncursed ring of protection from cold
 F - an uncursed ring of protection from fire
 J - an uncursed ring of resist corrosion
 M - an uncursed ring of protection from magic
 W - an uncursed ring of magical power
 Z - the ring "Sihowuy" (left hand) {+Inv rPois rC+ rN+ Dex+2}
   (You found it on level 6 of the Lair of Beasts)

   [ring of poison resistance]

   It affects your dexterity (+2).
   It protects you from cold.
   It protects you from poison.
   It protects you from negative energy.
   It lets you turn invisible.
Wands
 p - a wand of clouds (5)
 I - a wand of iceblast (34)
 L - a wand of flame (32)
 P - a wand of digging (40)
 U - a wand of paralysis (25)
 Y - a wand of acid (31)
Scrolls
 d - 6 scrolls of fog
 i - 11 scrolls of identify
 m - 8 scrolls of fear
 r - 18 scrolls of remove curse
 s - a scroll of summoning {!r}
 t - 13 scrolls of teleportation
 x - 3 scrolls of blinking
 y - 2 scrolls of immolation
 G - 2 scrolls of magic mapping
 K - a scroll of vulnerability {!r}
 R - a scroll of holy word
Potions
 c - 24 potions of curing
 f - 4 potions of haste
 h - 3 potions of heal wounds
 j - 9 potions of might
 l - 3 potions of cancellation
 n - a potion of magic
 q - 5 potions of flight
 v - a potion of mutation {!q}
 z - a potion of resistance
 B - a potion of ambrosia
 D - 3 potions of berserk rage
 N - 2 potions of invisibility
 Q - 2 potions of lignification {!q}
 V - a potion of brilliance
 X - 4 potions of agility
Miscellaneous
 k - a box of beasts
Comestibles
 e - 49 rations


   Skills:
 - Level 2.4 Dodging
 - Level 15.0 Stealth
 + Level 20.7 Spellcasting
 + Level 16.7 Conjurations
 - Level 5.0 Charms
 - Level 8.0 Summonings
 - Level 5.0 Necromancy
 - Level 12.0 Fire Magic
 * Level 3.3 Earth Magic
 - Level 6.0 Poison Magic
 + Level 11.3 Evocations


You had 2 spell levels left.
You knew the following spells:

 Your Spells              Type           Power        Failure   Level  Hunger
a - Flame Tongue          Conj/Fire      #####        0%          1    None
f - Sticky Flame          Conj/Fire      ########     1%          4    None
q - Bolt of Fire          Conj/Fire      ########..   1%          6    None
r - Regeneration          Chrm/Necr      ######....   1%          3    None
s - Fireball              Conj/Fire      ########..   1%          5    None
v - Poison Arrow          Conj/Pois      #######...   1%          6    None
w - Iron Shot             Conj/Erth      #######...   1%          6    None
x - Iskenderun's Mystic   Conj           ########     0%          4    None
z - Orb of Destruction    Conj           ########..   1%          7    ###....
Q - Animate Skeleton      Necr           N/A          1%          1    None
S - Spellforged Servitor  Conj/Summ      #######...   3%          7    ###....
W - Iskenderun's Battles  Conj/Chrm      #######.     1%          5    None

Your spell library contained the following spells:

 Spells                   Type           Power        Failure   Level  Hunger
 Magic Dart               Conj           ####         0%          1    None
 Apportation              Tloc           ####..       2%          1    None
 Conjure Flame            Conj/Fire      ########     0%          3    None
 Bolt of Cold             Conj/Ice       #######...   3%          6    None
 Confuse                  Hex            ####....     7%          3    None
 Invisibility             Hex            ####....     98%         6    None
 Throw Flame              Conj/Fire      ######       0%          2    None
 Freezing Cloud           Conj/Ice/Air   ######....   10%         6    None
 Mephitic Cloud           Conj/Pois/Air  #######.     1%          3    None
 Ring of Flames           Chrm/Fire      ######....   50%         7    ###....
 Venom Bolt               Conj/Pois      #######...   1%          5    None
 Olgreb's Toxic Radiance  Pois           ######..     1%          4    None
 Bolt of Draining         Conj/Necr      #######...   1%          5    None
 Animate Dead             Necr           N/A          2%          4    None
 Pain                     Necr           ####         1%          1    None
 Vampiric Draining        Necr           ######....   1%          3    None
 Ozocubu's Refrigeration  Ice            ####......   61%         6    None
 Dispel Undead            Necr           ######..     8%          5    None
 Sting                    Conj/Pois      ####         0%          1    None
 Sublimation of Blood     Necr           ######....   1%          2    None
 Tukima's Dance           Hex            ####....     7%          3    None
 Summon Demon             Summ           ######....   2%          5    None
 Corpse Rot               Necr           N/A          1%          2    None
 Recall                   Summ/Tloc      N/A          1%          3    None
 Agony                    Necr           ######..     8%          5    None
 Spider Form              Tmut/Pois      #####.....   1%          3    None
 Blade Hands              Tmut           ####......   52%         5    None
 Statue Form              Tmut/Erth      #####....    86%         6    None
 Ice Form                 Ice/Tmut       ####....     22%         4    None
 Dragon Form              Tmut           ####......   100%        7    ###....
 Shadow Creatures         Summ           N/A          13%         6    None
 Confusing Touch          Hex            ####..       2%          1    None
 Sticks to Snakes         Tmut           ####....     3%          2    None
 Ensorcelled Hibernation  Hex/Ice        ####..       3%          2    None
 Metabolic Englaciation   Hex/Ice        ####......   52%         5    None
 Summon Butterflies       Summ           ######..     1%          1    None
 Corona                   Hex            ####...      2%          1    None
 Alistair's Intoxication  Tmut/Pois      #####...     19%         5    None
 Simulacrum               Ice/Necr       #####.....   77%         6    None
 Excruciating Wounds      Chrm/Necr      ######....   8%          5    None
 Petrify                  Tmut/Erth      #####...     11%         4    None
 Inner Flame              Hex/Fire       ######..     1%          3    None
 Aura of Abjuration       Summ           ######....   2%          5    None
 Beastly Appendage        Tmut           ####..       2%          1    None
 Fulminant Prism          Conj/Hex       #######...   1%          4    None
 Dazzling Spray           Conj/Hex       ######       1%          3    None
 Force Lance              Conj/Tloc      #######.     1%          4    None
 Searing Ray              Conj           ######       0%          2    None
 Summon Forest            Summ/Tloc      ######....   12%         5    None
 Summon Mana Viper        Hex/Summ       ######..     12%         5    None
 Hydra Form               Tmut           ####......   98%         6    None
 Irradiate                Conj/Tmut      #######...   1%          5    None
 Gell's Gravitas          Tloc           ####......   7%          3    None
 Yara's Violent Unravell  Hex/Tmut       ####......   16%         5    None
 Lesser Beckoning         Tloc           ####......   7%          3    None
 Poisonous Vapours        Pois/Air       #####.       1%          2    None


Dungeon Overview and Level Annotations

Branches:
Dungeon (15/15)            Temple (1/1) D:4            Lair (6/6) D:11
  Swamp (4/4) Lair:2        Snake (3/4) Lair:3        Slime (0/5) Lair:5
    Orc (2/2) D:9             Elf (0/3) Orc:2        Vaults (0/5) D:14
 Depths (0/5) D:15

Altars:
Ashenzari
Cheibriados
Dithmenos
Elyvilon
Fedhas
Gozag
Hepliaklqana
Kikubaaqudgha
Makhleb
Nemelex Xobeh
Okawaru
Qazlal
Ru
Sif Muna
Trog
Uskayaw
Vehumet
Wu Jian
Xom
Yredelemnul
Zin
The Shining One
Beogh

Shops:
Orc:1 }?   Orc:2 (:[*(   Snake:2 }}=

Portals:
Hell: Lair:6

Annotations:
D:4 gmonis's ghost, amateur MiBe
D:14 exclusion: Roxanne, Roxanne
Lair:2 scroll, curing pot in oklob vault, exclusion: oklob plant


Message History

The naga hits you from afar with a halberd!
A salamander comes into view. It is wielding a halberd.
There is a stone staircase leading up, spattered with blood here.
The mana viper barely misses you.
The salamander hits you from afar with a halberd!
You are engulfed in flames!
The naga hits you but does no damage.
You climb upwards.
There is a stone staircase leading down here.
Casting: Fireball (safe; 1% risk of failure)
Confirm with . or Enter, or press ? or * to list all spells.
Aiming: Fireball (safe; 1% risk of failure)
Press: ? - help, Shift-Dir - straight line You feel a surge of power!
The fireball explodes!
The fireball engulfs the mana viper.
The mana viper is severely wounded.
The mana viper bites you!!
* * * LOW HITPOINT WARNING * * *
You feel your power leaking away. The mana viper bites you!!
You die...

##....#.#...### #)........#.##
.#...........# #............#
.##....#.....# ####.##.........#
..###.##.....## #....>#.........#
#.#.###...###.# #.....#####.<...#
#........##.#####.........#.#####
#.....####...........<#.......#
.......#.##<..........#.......#
##.#####..##...S@.....#.......#
#.....#....#.#...^............#
......#......#.......###.....##
#...........####....## ###...#
#...###.....#..###### #...#
#...#.......#....# #.#.#
#.###.......#....### ####.###
###.###.....#......### #......##
.#....####..#........## ###.....#


You could see a mana viper.

Vanquished Creatures
  Saint Roka (Snake:2)
  Gastronok (D:12)
  2 thorn hunters
  An orc warlord (Orc:2)
  Nessos (D:13)
  2 very ugly things (IceCv)
  Azrael (D:14)
  A fire dragon (D:14)
  A yaktaur captain (D:15)
  Josephine (Lair:4)
  21 hydras
  2 naga warriors
  A vault guard (D:14)
  An anaconda (Snake:1)
  3 centaur warriors
  2 ghost crabs
  An ogre mage (D:15)
  9 two-headed ogres
  9 alligators
  9 death yaks
  An orc high priest (Orc:2)
  4 naga sharpshooters
  4 shock serpents
  A salamander mystic (Snake:2)
  2 unseen horrors
  A sixfirhy (Lair:6)
  6 spriggan druids
  A naga ritualist (Snake:2)
  8 swamp dragons
  3 wizards
  3 shambling mangroves
  A wolf spider zombie (D:14)
  Pikel (D:7)
  A lindwurm (Lair:3)
  3 orc knights (Orc:2)
  3 necromancers (D:14)
  A mana viper (Snake:2)
  4 orc sorcerers
  9 ugly things
  A cyclops (D:15)
  2 manticores
  A centaur zombie (D:14)
  A salamander (Snake:3)
  7 naga magi
  5 ice statues (IceCv)
  2 orange demons (Lair:6)
  3 centaur skeletons
  7 black mambas
  A guardian serpent (Snake:2)
  Psyche (D:10)
  The ghost of zard0z the Jinx, a novice SpEn of Dithmenos (D:6)
  5 komodo dragons
  18 spiny frogs
  4 ice devils (Lair:6)
  A kobold demonologist (D:15)
  3 efreet
  10 rime drakes
  A yaktaur (D:14)
  A hellwing (Lair:6)
  2 freezing wraiths (Swamp:1)
  An anaconda simulacrum (IceCv)
  3 trolls
  9 hornets
  7 tyrant leeches
  8 blink frogs
  2 bog bodies (Swamp:1)
  5 dream sheep
  34 slime creatures
  16 hippogriffs
  38 yaks
  5 wraiths
  A centaur simulacrum (D:14)
  3 spriggans
  A dire elephant simulacrum (IceCv)
  Eustachio (D:5)
  3 fire elementals (D:14)
  8 wyverns
  2 vampires (D:15)
  19 humans (D:14)
  8 basilisks
  3 hungry ghosts
  13 vampire mosquitoes
  A warg (Orc:1)
  14 nagas
  4 insubstantial wisps
  2 iron troll simulacra (IceCv)
  17 swamp worms
  Edmund (D:6)
  A harpy simulacrum (IceCv)
  11 water moccasins
  4 hydra simulacra (IceCv)
  10 porcupines
  7 hell hounds
  6 ice beasts (IceCv)
  A slave (D:7)
  10 swamp drakes
  24 orc warriors
  2 phantoms
  6 sky beasts
  A black bear (D:7)
  3 eyes of draining
  A hornet zombie (D:11)
  2 necrophages
  9 centaurs
  6 ogres
  11 wolves (Lair:2)
  16 crocodiles
  2 big kobolds
  Blork the orc (D:5)
  23 bullfrogs
  2 wyvern zombies
  2 water moccasin zombies (Ossuary)
  3 scorpions
  6 howler monkeys
  7 killer bees
  12 wights
  3 electric eels
  4 crimson imps
  6 hounds
  2 bullfrog zombies
  5 jellies
  2 bullfrog skeletons
  12 orc priests
  14 orc wizards
  5 iguanas
  Natasha (thrice) (D:2)
  14 worker ants
  A killer bee zombie (D:7)
  5 big kobold zombies (Ossuary)
  A hound skeleton (D:7)
  2 mummies (Ossuary)
  3 worker ant zombies
  5 gnolls
  A howler monkey skeleton (D:7)
  11 adders
  A river rat (D:11)
  2 shadow imps
  An ooze (D:1)
  7 adder zombies
  An adder skeleton (D:8)
  A worm (D:5)
  2 dart slugs (D:1)
  8 leopard geckos
  72 orcs
  8 bats
  3 giant cockroaches
  8 goblins
  8 hobgoblins
  16 jackals
  5 quokkas
  2 frilled lizards
  A gnoll zombie (Ossuary)
  7 hobgoblin zombies (Ossuary)
  12 kobolds
  3 kobold zombies (Ossuary)
  4 orc zombies (Ossuary)
  12 rats
  2 fungi
  A plant (Lair:5)
908 creatures vanquished.

Vanquished Creatures (collateral kills)
  Donald (Swamp:3)
  Aizul (Swamp:3)
  Louise (Swamp:3)
  A very ugly thing (Swamp:4)
  Snorg (Lair:6)
  5 hydras
  A swamp dragon (Swamp:4)
  A black mamba (Snake:1)
  A naga mage (Snake:1)
  A centaur skeleton (D:14)
  2 rime drakes
  2 spiny frogs (Lair:6)
  A freezing wraith (Swamp:1)
  6 komodo dragons
  4 hornets (Swamp:4)
  2 slime creatures (Swamp:4)
  A bog body (Swamp:2)
  A blink frog (Lair:6)
  A hippogriff (Lair:5)
  A wraith (Lair:4)
  A wyvern (Lair:4)
  2 basilisks (Lair:5)
  3 yaks (Lair:6)
  A vampire mosquito (Swamp:1)
  4 nagas (Snake:1)
  A swamp worm (Swamp:3)
  2 insubstantial wisps (Swamp:4)
  2 water moccasins
  A porcupine (Lair:1)
  2 swamp drakes
  An orc warrior (Snake:2)
  A necrophage (D:15)
  4 bullfrogs
  A bullfrog skeleton (D:13)
  3 orc wizards
  An orc (D:14)
  A quokka (D:11)
  2 fungi
68 creatures vanquished.

Vanquished Creatures (others)
  2 slaves (D:7)
  9 fungi
  13 plants
  9 toadstools (Swamp:1)
33 creatures vanquished.

Grand Total: 1009 creatures vanquished

Notes
Turn   | Place    | Note
-------+----------+-------------------------------------------
     0 | D:1      | HyperPerson7 the Deep Elf Fire Elementalist began the quest for the Orb.
     0 | D:1      | Reached XP level 1. HP: 10/10 MP: 6/6
   383 | D:1      | Reached XP level 2. HP: 15/15 MP: 2/8
   935 | D:1      | Reached XP level 3. HP: 19/19 MP: 5/9
   964 | D:1      | Learned a level 3 spell: Conjure Flame
  1819 | D:2      | Reached XP level 4. HP: 24/24 MP: 4/11
  2092 | D:2      | Noticed Natasha
  2216 | D:2      | Reached skill level 4 in Spellcasting
  2274 | D:2      | Killed Natasha
  2274 | D:2      | Reached XP level 5. HP: 28/28 MP: 9/13
  2375 | D:2      | Noticed Natasha
  2389 | D:2      | Killed Natasha
  2583 | D:2      | Noticed Natasha
  2589 | D:2      | Killed Natasha
  2589 | D:2      | Reached skill level 5 in Fire Magic
  3010 | D:3      | Learned a level 4 spell: Sticky Flame
  3448 | D:3      | Reached XP level 6. HP: 27/32 MP: 0/14
  4055 | D:3      | Found a bloodstained altar of Trog.
  4093 | D:3      | Reached skill level 5 in Spellcasting
  4093 | D:3      | Reached skill level 5 in Conjurations
  4247 | D:4      | Found a snail-covered altar of Cheibriados.
  4355 | D:4      | Found a staircase to the Ecumenical Temple.
  4451 | Temple   | Entered the Ecumenical Temple
  4517 | Temple   | Became a worshipper of Vehumet
  4612 | D:4      | Reached XP level 7. HP: 36/36 MP: 8/16
  4722 | D:4      | Got a jewelled hand axe
  4790 | D:4      | Noticed gmonis's ghost (amateur MiBe)
  5079 | D:4      | Found a burning altar of Makhleb.
  5133 | D:5      | Entered Level 5 of the Dungeon
  5231 | D:5      | Noticed Blork the orc
  5238 | D:5      | Learned a level 4 spell: Iskenderun's Mystic Blast
  5241 | D:5      | Killed Blork the orc
  5395 | D:5      | Noticed Eustachio
  5663 | D:5      | Killed Eustachio
  6177 | D:6      | Learned a level 5 spell: Fireball
  6189 | D:6      | Reached skill level 6 in Spellcasting
  6418 | D:6      | Reached XP level 8. HP: 31/41 MP: 5/19
  6501 | D:6      | Noticed Edmund
  6508 | D:6      | Killed Edmund
  6649 | D:6      | Got a fine great sword
  6955 | D:6      | Noticed zard0z's ghost (novice SpEn)
  6981 | D:6      | Killed zard0z's ghost
  6981 | D:6      | Reached skill level 7 in Spellcasting
  7020 | D:6      | Reached * piety under Vehumet
  7020 | D:6      | Offered knowledge of Freeze by Vehumet.
  7490 | D:7      | Found a sand-covered staircase.
  7496 | Ossuary  | Entered an ossuary
  7969 | Ossuary  | Reached XP level 9. HP: 33/45 MP: 13/22
  8466 | D:7      | Offered knowledge of Sting by Vehumet.
  8468 | D:7      | Reached ** piety under Vehumet
  8555 | D:7      | Found a shimmering altar of Xom.
  8684 | D:7      | Noticed Pikel
  8705 | D:7      | Killed Pikel
  8705 | D:7      | Reached skill level 8 in Spellcasting
  9168 | D:7      | Reached skill level 10 in Fire Magic
  9566 | D:7      | Found a blossoming altar of Fedhas.
  9772 | D:8      | Reached skill level 10 in Conjurations
  9776 | D:8      | Reached skill level 9 in Spellcasting
 10046 | D:8      | Reached XP level 10. HP: 50/50 MP: 18/25
 10424 | D:8      | Noticed a two-headed ogre
 10744 | D:8      | Killed a two-headed ogre
 11172 | D:8      | Noticed a two-headed ogre
 11195 | D:8      | Killed a two-headed ogre
 11195 | D:8      | Reached skill level 10 in Spellcasting
 11412 | D:9      | Reached skill level 1 in Evocations
 11552 | D:9      | Offered knowledge of Ignite Poison by Vehumet.
 11730 | D:9      | Found a roughly hewn altar of Beogh.
 11730 | D:9      | Found a staircase to the Orcish Mines.
 11739 | D:9      | Reached *** piety under Vehumet
 11912 | D:9      | Noticed a two-headed ogre
 12321 | D:9      | Offered knowledge of Throw Icicle by Vehumet.
 12496 | D:9      | Reached skill level 5 in Stealth
 12855 | D:9      | Reached XP level 11. HP: 54/54 MP: 19/27
 12962 | D:9      | Found a sacrificial altar of Ru.
 13084 | D:10     | Entered Level 10 of the Dungeon
 13127 | D:10     | Reached **** piety under Vehumet
 13145 | D:10     | Noticed Psyche
 13148 | D:10     | Killed Psyche
 13148 | D:10     | Reached skill level 5 in Evocations
 13362 | D:10     | Learned a level 1 spell: Animate Skeleton
 13566 | D:10     | Offered knowledge of Iskenderun's Battlesphere by Vehumet.
 13573 | D:10     | Learned a level 5 spell: Iskenderun's Battlesphere
 13605 | D:10     | Found an opulent altar of Gozag.
 14018 | D:11     | Found a flickering gateway to a bazaar.
 14024 | Bazaar   | Entered a bazaar
 14024 | Bazaar   | Found Toosuser's Antique Weapon Shop.
 14032 | Bazaar   | Found Emax's Antique Weapon Shoppe.
 14045 | Bazaar   | Found Qij Xuas's General Store.
 14080 | Bazaar   | Found Vyac's Book Emporium.
 14118 | Bazaar   | Bought 3 scrolls of fear for 157 gold pieces
 14118 | Bazaar   | Bought a scroll of identify for 30 gold pieces
 14118 | Bazaar   | Bought a scroll of identify for 30 gold pieces
 14702 | D:11     | Noticed a death yak
 14744 | D:11     | Reached skill level 11 in Spellcasting
 14889 | D:11     | Noticed a death yak
 14890 | D:11     | Found a staircase to the Lair.
 14903 | D:11     | Killed a death yak
 14908 | D:11     | Noticed a death yak
 14912 | D:11     | Killed a death yak
 15268 | D:11     | Killed a death yak
 15268 | D:11     | Reached skill level 10 in Stealth
 15583 | Lair:1   | Entered Level 1 of the Lair of Beasts
 15597 | Lair:1   | Reached skill level 12 in Spellcasting
 15597 | Lair:1   | Reached skill level 1 in Charms
 15647 | Lair:1   | Reached skill level 1 in Necromancy
 15959 | Lair:1   | Reached ***** piety under Vehumet
 15977 | Lair:1   | Reached XP level 12. HP: 47/59 MP: 13/30
 16345 | Lair:1   | Got a transparent quarterstaff
 16601 | Lair:2   | Offered knowledge of Bolt of Magma by Vehumet.
 16682 | Lair:2   | Reached skill level 5 in Charms
 16934 | Lair:2   | Found a staircase to the Swamp.
 16940 | Lair:2   | Reached skill level 13 in Spellcasting
 16940 | Lair:2   | Reached skill level 5 in Necromancy
 16991 | Lair:2   | Noticed a death yak
 16992 | Lair:2   | Noticed a death yak
 16993 | Lair:2   | Noticed a death yak
 16994 | Lair:2   | Noticed a death yak
 16997 | Lair:2   | Killed a death yak
 16998 | Lair:2   | Noticed a death yak
 16999 | Lair:2   | Killed a death yak
 17000 | Lair:2   | Noticed a death yak
 17001 | Lair:2   | Killed a death yak
 17004 | Lair:2   | Killed a death yak
 17015 | Lair:2   | Killed a death yak
 17019 | Lair:2   | Killed a death yak
 17312 | Lair:2   | Reached skill level 14 in Spellcasting
 18552 | Lair:3   | Found a staircase to the Snake Pit.
 18575 | Lair:3   | Found a dark tunnel.
 18591 | Volcano  | Entered a volcano
 19091 | Lair:3   | Noticed a seven-headed hydra
 19261 | Lair:3   | Killed a seven-headed hydra
 19261 | Lair:3   | Reached XP level 13. HP: 63/63 MP: 11/33
 19445 | Lair:3   | Reached skill level 15 in Spellcasting
 20093 | Lair:4   | Identified the +4 quarterstaff of the Shining Light {antimagic, rElec rPois Stlth+} (You found it on level 1 of the Lair of Beasts)
 20573 | Lair:4   | Offered knowledge of Poison Arrow by Vehumet.
 20612 | Lair:4   | Learned a level 3 spell: Regeneration
 20619 | Lair:4   | Learned a level 6 spell: Poison Arrow
 20746 | Lair:4   | Noticed Josephine
 20749 | Lair:4   | Killed Josephine
 21515 | Lair:5   | Found a staircase to the Slime Pits.
 21555 | Lair:5   | Identified the +6 hand axe of the Lumpy Stories {drain, Str+4 Int+2} (You found it on level 4 of the Dungeon)
 22060 | Lair:5   | Reached skill level 1 in Poison Magic
 22065 | Lair:5   | Reached skill level 16 in Spellcasting
 22850 | Lair:5   | Found a staircase to the Slime Pits.
 23055 | Lair:6   | Entered Level 6 of the Lair of Beasts
 23582 | Lair:6   | Noticed Snorg
 23807 | Lair:6   | Reached skill level 17 in Spellcasting
 23854 | Lair:6   | Killed Snorg
 24205 | Lair:6   | Reached XP level 14. HP: 68/68 MP: 23/37
 24712 | Lair:6   | Offered knowledge of Bolt of Fire by Vehumet.
 24770 | Lair:6   | Found a burning altar of Makhleb.
 24811 | Lair:6   | Reached skill level 5 in Poison Magic
 25252 | Lair:6   | Found a gateway to Hell.
 25260 | Lair:6   | Got a heavily runed bone ring
 25262 | Lair:6   | Identified the ring "Sihowuy" {+Inv rPois rC+ rN+ Dex+2} (You found it on level 6 of the Lair of Beasts)
 25286 | Lair:6   | Upgraded the game from 0.22-a0-479-gc6e99f3 to 0.22-a0-480-g991dd4b
 25468 | Lair:6   | Learned a level 6 spell: Bolt of Fire
 26332 | D:12     | Noticed Gastronok
 26555 | D:12     | Killed Gastronok
 27109 | D:13     | Reached skill level 18 in Spellcasting
 27130 | D:13     | Noticed Nessos
 27142 | D:13     | Killed Nessos
 27625 | D:13     | Offered knowledge of Spellforged Servitor by Vehumet.
 27634 | D:13     | Learned a level 7 spell: Spellforged Servitor
 28099 | D:14     | Found a snail-covered altar of Cheibriados.
 28605 | D:14     | Reached skill level 19 in Spellcasting
 28606 | D:14     | Reached skill level 10 in Evocations
 28768 | D:14     | Found a gate to the Vaults.
 28834 | D:14     | Noticed Roxanne
 28844 | D:14     | Noticed Azrael
 28956 | D:14     | Killed Azrael
 29094 | D:14     | Offered knowledge of Conjure Ball Lightning by Vehumet.
 29634 | D:14     | Found a shadowy altar of Dithmenos.
 29775 | D:14     | Reached XP level 15. HP: 72/72 MP: 17/40
 29886 | D:15     | Entered Level 15 of the Dungeon
 29994 | D:15     | Found a stormy altar of Qazlal.
 30167 | D:15     | Identified a scroll of acquirement
 30434 | D:15     | Reached skill level 20 in Spellcasting
 30585 | D:15     | Found a staircase to the Depths.
 30952 | Orc:1    | Entered Level 1 of the Orcish Mines
 31023 | Orc:1    | Found Ynaimab's Gadget Shop.
 31088 | Orc:1    | Found Davim's Magic Scroll Emporium.
 31324 | Orc:2    | Entered Level 2 of the Orcish Mines
 31324 | Orc:2    | Found a roughly hewn altar of Beogh.
 31411 | Orc:2    | Found Rov Zunk's Weapon Boutique.
 31742 | Orc:2    | Found a staircase to the Elven Halls.
 32361 | Orc:2    | Reached skill level 1 in Summonings
 32767 | Orc:2    | Noticed an orc warlord
 32772 | Orc:2    | Found a roughly hewn altar of Beogh.
 32776 | Orc:2    | Killed an orc warlord
 32932 | Orc:2    | Found Kyttut's Antique Armour Shop.
 32934 | Orc:2    | Found Robarask's Antique Weapon Shop.
 32938 | Orc:2    | Found Higutow's Book Shop.
 32942 | Orc:2    | Found Nuxug's General Store.
 33020 | Orc:2    | Bought the +3 warlock's mirror {reflect} for 1280 gold pieces
 33020 | Orc:2    | Found the +3 warlock's mirror {reflect}
 33291 | Lair:3   | Got a crude robe
 33292 | Lair:3   | Identified the +0 robe "Qess" {rF+} (You found it on level 3 of the Lair of Beasts)
 33343 | Swamp:1  | Entered Level 1 of the Swamp
 33658 | Swamp:1  | Found a frozen archway.
 33660 | Swamp:1  | Offered knowledge of Orb of Destruction by Vehumet.
 33687 | Swamp:1  | Learned a level 7 spell: Orb of Destruction
 33688 | IceCv    | Entered an ice cave
 34088 | IceCv    | Reached skill level 15 in Conjurations
 34531 | Swamp:1  | Identified a +1 pair of boots of running (You acquired it on level 1 of the Swamp)
 34571 | Swamp:1  | Noticed a thorn hunter
 34573 | Swamp:1  | Killed a thorn hunter
 35262 | Swamp:2  | Reached XP level 16. HP: 76/76 MP: 21/42
 35265 | Swamp:2  | Reached skill level 5 in Summonings
 36518 | Swamp:3  | Noticed Louise
 36525 | Swamp:3  | Noticed Donald
 36537 | Swamp:3  | Killed Donald
 36543 | Swamp:3  | Killed Louise
 36701 | Swamp:3  | Noticed Aizul
 36707 | Swamp:3  | Killed Aizul
 37455 | Swamp:3  | Reached ****** piety under Vehumet
 37952 | Swamp:4  | Entered Level 4 of the Swamp
 37956 | Swamp:4  | Offered knowledge of Iron Shot by Vehumet.
 38537 | Swamp:4  | Reached skill level 15 in Stealth
 38831 | Swamp:4  | Noticed a thorn hunter
 38834 | Swamp:4  | Killed a thorn hunter
 39049 | Swamp:4  | Learned a level 6 spell: Iron Shot
 39711 | Swamp:4  | Got a decaying rune of Zot
 40227 | Snake:1  | Entered Level 1 of the Snake Pit
 40574 | Snake:1  | Reached XP level 17. HP: 80/80 MP: 36/43
 41805 | Snake:2  | Noticed Saint Roka
 41819 | Snake:2  | Offered knowledge of Lehudib's Crystal Spear by Vehumet.
 41819 | Snake:2  | Offered knowledge of Glaciate by Vehumet.
 41819 | Snake:2  | Offered knowledge of Tornado by Vehumet.
 41832 | Snake:2  | Killed Saint Roka
 41832 | Snake:2  | Reached skill level 1 in Earth Magic
 43132 | Snake:2  | Found Nypnutt's Jewellery Shop.
 43132 | Snake:2  | Found Qerin's Gadget Shoppe.
 43133 | Snake:2  | Found Navewn's Gadget Shoppe.
 43146 | Snake:2  | Bought a wand of clouds (5) for 432 gold pieces
 43523 | Snake:2  | Slain by a mana viper

Vault maps used:
D:1:      minmay_arrival_up_and_down, feat_on_display
D:2:      dk_noncrumbling_3, uniq_natasha
D:3:      hangedman_decor_growths, trog_eyes_of_draining
D:4:      cheibriados_altar_1, kennysheep_mini, lemuel_temple_firewalk_b,
          first_ration, minivault_24
D:5:      uniq_eustachio, uniq_blork_the_orc
D:6:      minmay_opposing_rooms, uniq_edmund
D:7:      xom_confusion_cloud, nicolae_ossuary_entry_plus, fedhas_altar_4,
          uniq_pikel
D:8:      grunt_pizzeria
D:9:      nicolae_whirlpool, nicolae_ru_awakened_eye, david_orc_5,
          serial_bayou_ford_a
D:10:     grunt_gozag_breadcrumbs, uniq_psyche
D:11:     dpeg_lair_monsters, serial_shops, bzr_entry_safe
D:12:     uniq_gastronok
D:13:     uniq_nessos
D:14:     grunt_vaults_entry_tiered, grunt_dithmenos_smoke_and_mirrors,
          basic_altar, hangedman_decor_peaks_small, uniq_azrael, uniq_roxanne
D:15:     grunt_enter_depths_snipers, serial_bayou_pond_a, grunt_qazlal_clouds
Temple:   compressed_dpeg_circular_temple
Lair:2:   swamp_mist_pool, minmay_lair_oklob_items
Lair:3:   dummy_snake_entry, nicolae_volcano_entry_two_sided,
          beast_lair_carwin_7
Lair:4:   beast_lair_carwin_3, uniq_josephine
Lair:5:   slime_dummy, serial_bayou_shore_a, grunt_megastairs_5
Lair:6:   evil_forest, uniq_snorg
Swamp:1:  cheibrodos_swamp_tower_of_moss, portal_ice_cave_entry_frozen_things,
          evilmike_swamp_ruin_rubble_1
Swamp:2:  evilmike_swamp_ruin_house_5
Swamp:3:  hangedman_swamp_ruin_hall, swamp_pool1, infiniplex_staircase_pool,
          uniq_aizul, uniq_louise, uniq_donald
Swamp:4:  swamp, swamp_pool4
Snake:2:  minmay_shop_grove, uniq_saint_roka
Snake:3:  uniq_asterion
Orc:1:    serial_shops, shop, nicolae_shop_trees, rock_pile
Orc:2:    grunt_orc_cross, basic_altar, serial_shops, shop
Bazaar:   bazaar_kb_twisted_cavern
Ossuary:  ossuary_tomb_2
IceCv:    ice_cave_statue_garden_chambered
Volcano:  volcano_aerie

Skill      XL: |  1  2  3  4  5  6  7  8  9 10 11 12 13 14 15 16 17 |
---------------+----------------------------------------------------+-----
Conjurations   | 2 3 4 5 6 8 10 12 14 15 16 | 16.7
Fire Magic     | 4 5 6 7 8 10 11 12 | 12.0
Spellcasting   | 4 5 6 7 9 10 12 14 17 19 20 | 20.7
Evocations     | 4 5 8 10 11 | 11.3
Stealth        | 5 10 11 13 15 | 15.0
Charms         | 3 5 |  5.0
Necromancy     | 3 5 |  5.0
Poison Magic   | 4 6 |  6.0
Summonings     | 4 8 |  8.0
Earth Magic    | 3 |  3.3
Dodging        | |  2.4

Action                   |  1- 3 |  4- 6 |  7- 9 | 10-12 | 13-15 | 16-18 || total
-------------------------+-------+-------+-------+-------+-------+-------++-------
Melee: Mace              |       |    48 |    86 |     1 |       |       ||   135
       Dagger            |       |       |       |     2 |    14 |       ||    16
 Cast: Flame Tongue      |    69 |    87 |   283 |   391 |   234 |    93 ||  1157
       Conjure Flame     |     4 |     7 |     6 |    21 |     2 |       ||    40
       Sticky Flame      |       |     2 |    12 |    28 |    33 |    17 ||    92
       Iskenderun's Myst |       |       |    15 |    97 |   258 |    21 ||   391
       Fireball          |       |       |     3 |    15 |    81 |    53 ||   152
       Animate Skeleton  |       |       |       |    44 |    98 |    32 ||   174
       Iskenderun's Batt |       |       |       |    11 |    29 |    14 ||    54
       Poison Arrow      |       |       |       |       |    57 |    83 ||   140
       Bolt of Fire      |       |       |       |       |    39 |    36 ||    75
       Spellforged Servi |       |       |       |       |       |     7 ||     7
       Iron Shot         |       |       |       |       |       |     3 ||     3
       Orb of Destructio |       |       |       |       |       |     2 ||     2
Evoke: Wand              |       |       |       |       |     1 |     2 ||     3
  Use: Scroll            |     3 |     4 |     7 |    10 |    16 |     4 ||    44
       Potion            |       |       |       |     1 |       |     1 ||     2
 Stab: Sleeping          |       |       |     1 |       |       |       ||     1
  Eat: Chunk             |     3 |     8 |    17 |    38 |    52 |    22 ||   140
       Ration            |       |       |     1 |       |       |       ||     1
Armor: Robe              |     4 |     5 |    61 |    24 |    33 |    20 ||   147
Dodge: Dodged            |    17 |    29 |   176 |    68 |    76 |    25 ||   391
Block: Buckler           |       |       |       |     8 |    15 |    19 ||    42
       Reflection        |       |       |       |       |       |     2 ||     2

Table legend:
 A = Spawn XP
 B = Non-spawn XP
 C = Spawn XP percentage of total XP
 D = Spawn monster count
 E = Non-spawn monster count
 F = Spawn count percentage of total count
 G = Total turns spent on level
                    A         B        C        D         E        F      G
               +---------+---------+-------+---------+---------+-------+---------
         Total |       0 |  238019 |   0.0 |       0 |     970 |   0.0 | 43523
               +---------+---------+-------+---------+---------+-------+---------
           D:1 |       0 |      49 |   0.0 |       0 |      24 |   0.0 |  1465
           D:2 |       0 |     229 |   0.0 |       0 |      26 |   0.0 |  1493
           D:3 |       0 |     407 |   0.0 |       0 |      29 |   0.0 |  1318
           D:4 |       0 |      97 |   0.0 |       0 |       5 |   0.0 |   774
           D:5 |       0 |     522 |   0.0 |       0 |      17 |   0.0 |   998
           D:6 |       0 |    1236 |   0.0 |       0 |      24 |   0.0 |  1355
           D:7 |       0 |    2038 |   0.0 |       0 |      28 |   0.0 |  1515
           D:8 |       0 |    3021 |   0.0 |       0 |      19 |   0.0 |  1537
           D:9 |       0 |    3908 |   0.0 |       0 |      55 |   0.0 |  1810
          D:10 |       0 |    1225 |   0.0 |       0 |      17 |   0.0 |  1050
          D:11 |       0 |    5314 |   0.0 |       0 |      29 |   0.0 |  1420
          D:12 |       0 |    5588 |   0.0 |       0 |      25 |   0.0 |  1461
          D:13 |       0 |    7510 |   0.0 |       0 |      26 |   0.0 |  1041
          D:14 |       0 |   17731 |   0.0 |       0 |      70 |   0.0 |  1902
          D:15 |       0 |   15888 |   0.0 |       0 |      30 |   0.0 |   882
        Lair:1 |       0 |    4396 |   0.0 |       0 |      25 |   0.0 |   954
        Lair:2 |       0 |   12042 |   0.0 |       0 |      44 |   0.0 |  2123
        Lair:3 |       0 |    4815 |   0.0 |       0 |      20 |   0.0 |  1661
        Lair:4 |       0 |    6677 |   0.0 |       0 |      23 |   0.0 |  1530
        Lair:5 |       0 |    9618 |   0.0 |       0 |      39 |   0.0 |  1616
        Lair:6 |       0 |   16409 |   0.0 |       0 |      53 |   0.0 |  2368
       Swamp:1 |       0 |   17379 |   0.0 |       0 |      34 |   0.0 |  1728
       Swamp:2 |       0 |    7952 |   0.0 |       0 |      28 |   0.0 |  1292
       Swamp:3 |       0 |   20825 |   0.0 |       0 |      49 |   0.0 |  1717
       Swamp:4 |       0 |   31444 |   0.0 |       0 |      62 |   0.0 |  1517
       Snake:1 |       0 |    9844 |   0.0 |       0 |      25 |   0.0 |  1365
       Snake:2 |       0 |   13913 |   0.0 |       0 |      28 |   0.0 |  1820
       Snake:3 |       0 |    1655 |   0.0 |       0 |       4 |   0.0 |    15
         Orc:1 |       0 |     588 |   0.0 |       0 |      15 |   0.0 |   611
         Orc:2 |       0 |    8059 |   0.0 |       0 |      46 |   0.0 |  1563
       Ossuary |       0 |     366 |   0.0 |       0 |      29 |   0.0 |   780
         IceCv |       0 |    7274 |   0.0 |       0 |      22 |   0.0 |   618
               +---------+---------+-------+---------+---------+-------+---------
